Fleur, neutral female sylph Wizard ---- --..--- |.....| --....| |.|.-- |.--| -------------------- ---- --------- |...| |.<.......................................*.- ---.--- --- |...-------- -------- ` |...| ---.-- ---.| |-..--|....-- |.| --.....|.....--- |.|--- --..............| |.|..| --.....-...--....| |.h..| |...........|...-- |.@..| |...........|--.--- |....| |-.........-- |...--|-..-- |..........| ---.)--...| --........-- |..[...-- |........| --.....| --.--.|.-- ----.-- -------- --- Fleur the Conjurer Experience level: 4 Strength: 9 Dexterity: 10 Constitution: 13 Intelligence: 19 Wisdom: 16 Charisma: 8 Health: 0(39) Energy: 47(58) Def: 1 Gold: 245 Moves: 1117 Dungeon seed: 5R4nVECViDbY-SJ4 Game ID: Fleur_1522837119 Your Inventory: Coins $ - 245 gold pieces Weapons a - a blessed +1 quarterstaff (weapon in hands) Armor e - a blessed +0 cloak of magic resistance (being worn) Comestibles i - 2 uncursed food rations l - 2 uncursed lichen corpses p - an uncursed candy bar t - an uncursed figue v - an uncursed tripe ration Scrolls k - an uncursed scroll of scare monster m - an uncursed scroll of magic mapping o - a blessed scroll of identify u - an uncursed scroll of remove curse E - an uncursed scroll of enchant armor Spellbooks b - a blessed spellbook of force bolt c - an uncursed spellbook of sleep j - a blessed spellbook of force bolt q - an uncursed spellbook of force bolt w - an uncursed spellbook of dig Potions f - an uncursed potion of gain energy g - an uncursed potion of healing h - an uncursed potion of polymorph s - an uncursed potion of object detection B - an uncursed potion of monster detection Wands d - a wand of nothing (0:7) x - a wand of striking (0:0) A - a wand of enlightenment (0:11) Tools C - an uncursed magic lamp Gems n - an uncursed worthless piece of red glass r - an uncursed obsidian y - 4 uncursed flints z - an uncursed black opal Spells and supernatural/magical abilities: Name Level Category Fail Memory a - force bolt 1 attack 0% 95% d - dig 2 matter 23% 99% z - sleep 2 enchantment 0% 95% W - pray for help -- divine ? -- Your skills at the end: Miscellaneous Skills wands [Basic] Weapon Skills quarterstaff [Basic] Spellcasting Skills attack spells [Basic] enchantment spells [Basic] Final Attributes: You were devoutly aligned. You were magic-protected. You saw invisible. You were somewhat stealthy. You were protected from shape changers. You are dead. Vanquished creatures: a gnome king a gnome lord a kitten 2 dwarves a jitterbug a gas spore a hobbit an acid blob 3 large kobolds a gecko a brown mold a gnome 4 jackals 2 newts a goblin 4 grid bugs 4 lichens 30 creatures vanquished. Voluntary challenges: You were vegetarian. You did not adorn yourself with jewelry or accessories. You did not cause conflict. You were not invisible. You did not have reflection. You were not displaced. You used a wielded weapon 15 times, starting on turn 39. You did not use tools. You did not use plumbed fixtures. You did not drink any magical draughts. You read items or engraved 6 times, starting on turn 714. You never genocided any monsters. You never polymorphed an object. You never changed form. You used no wishes. You never split a pudding. You never wrote Elbereth's name. You violated your moral code, losing 1 point of alignment, starting on turn 888. Dungeon overview: The Dungeons of Doom: levels 1 to 4 Level 1 a long staircase Level 2 a delicatessen Level 3 stairs to The Gnomish Mines Level 4 The Gnomish Mines: Level 4 <- You were here stairs to The Dungeons of Doom History has recorded: On T:1 you entered the Dungeons of Doom to retrieve the Amulet of Yendor! On T:151 you reached level 2 of The Dungeons of Doom. On T:432 you reached level 3 of The Dungeons of Doom. On T:729 you advanced to experience level 2. On T:785 you prayed to Thoth. On T:888 you advanced to experience level 3. On T:911 you reached level 4 of The Dungeons of Doom. On T:996 you reached level 1 of The Gnomish Mines. On T:1031 you advanced to experience level 4. Score breakdown: Gold: 245 ( 24 points) Experience: 4 levels ( 300 points) Exploration: 4 levels ( 90 points) Discoveries: 3 items ( 150 points) Variety of kills: 17 monsters ( 850 points) Major goal: (nothing yet) ( 0 points) Survival: died (score multiplied by 3) Total score: 4242 Latest messages: There are several more objects here. You see here 13 darts. Never mind. This egg is delicious! You finish eating the egg. You have a little trouble lifting E - a scroll labeled FOOBIE BLETCH. You hear rumbling in the distance. (4x) The spell hits the dwarf king! The spell misses the dwarf king. The dwarf king wields a stout spear! The dwarf king thrusts one of his stout spears at you. The dwarf king jabs you! The spell misses the dwarf king. The dwarf king thrusts one of his stout spears at you. The dwarf king jabs you! The dwarf king thrusts one of his stout spears at you. The dwarf king jabs you! You die... Final status: Goodbye Fleur the Wizard, killed by a dwarf king... You died in The Gnomish Mines on dungeon level 4 with 4242 points, and 245 pieces of gold, after 1117 moves. You were level 4 with a maximum of 39 hit points when you died.